% Time on Ice - SAN FRANCISCO SPIDERS
Lines # - Real PCT - Wanted PCT - Time Play
Normal Forward
1 - 34% - 35% - 17:29
2 - 34% - 35% - 17:10
3 - 28% - 25% - 14:23
4 - 4% - 5% - 2:02
Normal Defense
1 - 35% - 35% - 17:54
2 - 34% - 35% - 17:13
3 - 24% - 20% - 12:27
4 - 7% - 10% - 3:30
PP Forward
1 - 55% - 55% - 1:38
2 - 45% - 45% - 1:21
PP Defense
1 - 55% - 55% - 1:38
2 - 45% - 45% - 1:21
PK Forward
1 - 68% - 55% - 4:01
2 - 32% - 45% - 1:56
PK Defense
1 - 57% - 55% - 3:24
2 - 43% - 45% - 2:33
PK3 Forward
1 - 0% - 55%
2 - 0% - 45%
PK3 Defense
1 - 0% - 55%
2 - 0% - 45%
44 Forward
1 - 0% - 55%
2 - 0% - 45%
44 Defense
1 - 0% - 55%
2 - 0% - 45%
Last Minute Offensive  - 0:00
Last Minute Defensive  - 0:00
Total
Forward - 60:00
Defense - 60:00
% Time on Ice - REGINA FALCONS
Lines # - Real PCT - Wanted PCT - Time Play
Normal Forward
1 - 39% - 36% - 19:47
2 - 30% - 31% - 15:19
3 - 22% - 23% - 11:29
4 - 9% - 10% - 4:29
Normal Defense
1 - 35% - 36% - 17:39
2 - 34% - 31% - 17:28
3 - 23% - 23% - 11:46
4 - 8% - 10% - 4:11
PP Forward
1 - 52% - 55% - 3:07
2 - 48% - 45% - 2:50
PP Defense
1 - 46% - 55% - 2:45
2 - 54% - 45% - 3:12
PK Forward
1 - 74% - 55% - 2:13
2 - 26% - 45% - 0:46
PK Defense
1 - 57% - 55% - 1:42
2 - 43% - 45% - 1:17
PK3 Forward
1 - 0% - 55%
2 - 0% - 45%
PK3 Defense
1 - 0% - 55%
2 - 0% - 45%
44 Forward
1 - 0% - 55%
2 - 0% - 45%
44 Defense
1 - 0% - 55%
2 - 0% - 45%
Last Minute Offensive  - 0:00
Last Minute Defensive  - 0:00
Total
Forward - 60:00
Defense - 60:00
Play-by-Play 1st period 0:01 of 1st period - Bo Horvat wins face-off versus Rickard Rakell in neutral zone. 0:36 of 1st period - Jacob Middleton is hit by Rickard Rakell and loses puck. 1:12 of 1st period - Shot by Andrei Svechnikov. 1:12 of 1st period - Stopped by Chris Driedger without a rebound. 1:13 of 1st period - Simon Ryfors wins face-off versus Kirby Dach in REGINA FALCONS zone. 3:52 of 1st period - Shot by Bo Horvat. 3:52 of 1st period - Stopped by Chris Driedger without a rebound. 3:53 of 1st period - Simon Ryfors wins face-off versus Dakota Joshua in REGINA FALCONS zone. 4:20 of 1st period - Shot by Dakota Joshua. 4:20 of 1st period - Shot Misses the Net. 4:26 of 1st period - Shot by Darnell Nurse. 4:26 of 1st period - Deflect By Eeli Tolvanen. 4:26 of 1st period - Stopped by Chris Driedger with a rebound. 4:45 of 1st period - Jared McCann is hit by Erik Gustafsson. 4:47 of 1st period - Shot by Zach Hyman. 4:47 of 1st period - Stopped by Chris Driedger without a rebound. 4:48 of 1st period - Sebastian Aho wins face-off versus Sammy Walker in REGINA FALCONS zone. 5:01 of 1st period - Shot by Aaron Ekblad. 5:01 of 1st period - Shot Misses the Net. 5:08 of 1st period - Minor Penalty to Jeff Malott for Interference. 5:09 of 1st period - Bo Horvat wins face-off versus Simon Ryfors in REGINA FALCONS zone. 5:20 of 1st period - Shot by Bo Horvat. 5:20 of 1st period - Shot Misses the Net. 5:22 of 1st period - Shot by Bo Horvat. 5:22 of 1st period - Shot Misses the Net. 5:44 of 1st period - Shot by Bo Horvat. 5:44 of 1st period - Stopped by Chris Driedger with a rebound. 5:46 of 1st period - Shot by Sean Durzi. 5:46 of 1st period - Shot Misses the Net. 5:48 of 1st period - Shot by Viktor Arvidsson. 5:48 of 1st period - Goal by Viktor Arvidsson - SAN FRANCISCO SPIDERS : 1 - REGINA FALCONS : 0. 5:49 of 1st period - Greg Meireles wins face-off versus Kirby Dach in neutral zone. 5:49 of 1st period - Matthew Grzelcyk is hit by Kirby Dach. 6:23 of 1st period - Shot by Kyle Palmieri. 6:23 of 1st period - Shot Blocked by Alexander Edler. 6:46 of 1st period - David Pastrnak is hit by Brenden Dillon. 6:49 of 1st period - Rickard Rakell is hit by Brenden Dillon and loses puck. 6:58 of 1st period - Shot by Rickard Rakell. 6:58 of 1st period - Stopped by Kevin Lankinen without a rebound. 6:59 of 1st period - Sebastian Aho wins face-off versus Eric Robinson in SAN FRANCISCO SPIDERS zone. 6:59 of 1st period - Sebastian Aho is hit by Cole Smith. 7:20 of 1st period - Shot by Aaron Ekblad. 7:20 of 1st period - Shot Misses the Net. 7:22 of 1st period - Shot by Cole Smith. 7:22 of 1st period - Stopped by Kevin Lankinen without a rebound. 7:23 of 1st period - Rickard Rakell wins face-off versus Bo Horvat in SAN FRANCISCO SPIDERS zone. 7:40 of 1st period - Shot by Bo Horvat. 7:40 of 1st period - Shot Misses the Net. 8:01 of 1st period - Shot by Andrei Kuzmenko. 8:01 of 1st period - Shot Misses the Net. 8:57 of 1st period - Shot by Andrei Svechnikov. 8:57 of 1st period - Shot Misses the Net. 8:59 of 1st period - Shot by Viktor Arvidsson. 8:59 of 1st period - Stopped by Chris Driedger without a rebound. 9:00 of 1st period - Simon Ryfors wins face-off versus Kirby Dach in REGINA FALCONS zone. 9:04 of 1st period - Icing by Eric Robinson. 9:05 of 1st period - Eeli Tolvanen wins face-off versus Simon Ryfors in REGINA FALCONS zone. 9:05 of 1st period - Eeli Tolvanen is hit by Alexander Edler. 9:15 of 1st period - Shot by Eeli Tolvanen. 9:15 of 1st period - Stopped by Chris Driedger without a rebound. 9:16 of 1st period - Sebastian Aho wins face-off versus Rickard Rakell in REGINA FALCONS zone. 9:19 of 1st period - Shot by Andrei Svechnikov. 9:19 of 1st period - Shot Misses the Net. 9:21 of 1st period - Shot by Michael Anderson. 9:21 of 1st period - Deflect By Andrei Svechnikov. 9:21 of 1st period - Shot Misses the Net. 9:41 of 1st period - Shot by Andrei Svechnikov. 9:41 of 1st period - Stopped by Chris Driedger without a rebound. 9:42 of 1st period - Cole Smith wins face-off versus Bo Horvat in REGINA FALCONS zone. 9:42 of 1st period - Cole Smith is hit by Jared McCann. 9:52 of 1st period - Shot by Zach Hyman. 9:52 of 1st period - Shot Misses the Net. 9:56 of 1st period - Shot by Bo Horvat. 9:56 of 1st period - Stopped by Chris Driedger without a rebound. 9:57 of 1st period - Jeffrey Viel wins face-off versus Viktor Arvidsson in REGINA FALCONS zone. 9:57 of 1st period - Jeffrey Viel is hit by Andrei Svechnikov. 10:03 of 1st period - Shot by Max Jones. 10:03 of 1st period - Stopped by Kevin Lankinen without a rebound. 10:04 of 1st period - Bo Horvat wins face-off versus Simon Ryfors in SAN FRANCISCO SPIDERS zone. 10:40 of 1st period - Shot by Aaron Ekblad. 10:40 of 1st period - Stopped by Kevin Lankinen without a rebound. 10:40 of 1st period - Minor Penalty to Jacob Middleton for Holding. 10:41 of 1st period - David Pastrnak wins face-off versus Sebastian Aho in SAN FRANCISCO SPIDERS zone. 12:00 of 1st period - Shot by Aaron Ekblad. 12:00 of 1st period - Stopped by Kevin Lankinen without a rebound. 12:01 of 1st period - Simon Ryfors wins face-off versus Zach Hyman in SAN FRANCISCO SPIDERS zone. 12:14 of 1st period - Shot by Cole Smith. 12:14 of 1st period - Stopped by Kevin Lankinen with a rebound. 12:22 of 1st period - Shot by Aaron Ekblad. 12:22 of 1st period - Stopped by Kevin Lankinen without a rebound. 12:23 of 1st period - Viktor Arvidsson wins face-off versus Rickard Rakell in SAN FRANCISCO SPIDERS zone. 12:42 of 1st period - Shot by Matthew Grzelcyk. 12:42 of 1st period - Shot Misses the Net. 13:06 of 1st period - Shot by Kirby Dach. 13:06 of 1st period - Shot Misses the Net. 13:12 of 1st period - Shot by Trevor Moore. 13:12 of 1st period - Shot Blocked by Matthew Grzelcyk. 14:14 of 1st period - Shot by Eric Robinson. 14:14 of 1st period - Shot Misses the Net. 14:22 of 1st period - Shot by Eric Robinson. 14:22 of 1st period - Shot Blocked by Jacob Middleton. 14:56 of 1st period - Shot by David Pastrnak. 14:56 of 1st period - Shot Blocked by Bo Horvat. 15:28 of 1st period - Max Jones is hit by Jared McCann and loses puck. 16:32 of 1st period - Darnell Nurse is hit by Jeff Malott and loses puck. 16:49 of 1st period - Shot by Eric Robinson. 16:49 of 1st period - Deflect By Cole Smith. 16:49 of 1st period - Shot Blocked by Darnell Nurse. 16:51 of 1st period - Shot by Alexander Edler. 16:51 of 1st period - Goal by Alexander Edler - SAN FRANCISCO SPIDERS : 1 - REGINA FALCONS : 1. 16:52 of 1st period - Sebastian Aho wins face-off versus Rickard Rakell in neutral zone. 17:00 of 1st period - Off-side. 17:01 of 1st period - Rickard Rakell wins face-off versus Bo Horvat in neutral zone. 17:04 of 1st period - Shot by David Pastrnak. 17:04 of 1st period - Shot Misses the Net. 17:11 of 1st period - Icing by Bo Horvat. 17:12 of 1st period - Simon Ryfors wins face-off versus Bo Horvat in SAN FRANCISCO SPIDERS zone. 17:16 of 1st period - Icing by Sean Durzi. 17:17 of 1st period - Rickard Rakell wins face-off versus Bo Horvat in SAN FRANCISCO SPIDERS zone. 17:20 of 1st period - Shot by David Pastrnak. 17:20 of 1st period - Shot Misses the Net. 17:48 of 1st period - Shot by Bo Horvat. 17:48 of 1st period - Stopped by Chris Driedger without a rebound. 17:49 of 1st period - Sebastian Aho wins face-off versus Simon Ryfors in REGINA FALCONS zone. 18:23 of 1st period - Icing by Matthew Grzelcyk. 18:24 of 1st period - Bo Horvat wins face-off versus Simon Ryfors in REGINA FALCONS zone. 19:53 of 1st period - Shot by Viktor Arvidsson. 19:53 of 1st period - Stopped by Chris Driedger without a rebound. 19:54 of 1st period - Kirby Dach wins face-off versus David Pastrnak in REGINA FALCONS zone. 19:57 of 1st period - Shot by Kyle Palmieri. 19:57 of 1st period - Shot Misses the Net. Goals for this period are 1 for SAN FRANCISCO SPIDERS vs 1 for REGINA FALCONS. Shots for this period are 12 for SAN FRANCISCO SPIDERS vs 8 for REGINA FALCONS. 2nd period 0:01 of 2nd period - Rickard Rakell wins face-off versus Sebastian Aho in neutral zone. 0:41 of 2nd period - Icing by Rickard Rakell. 0:42 of 2nd period - Kirby Dach wins face-off versus Rickard Rakell in REGINA FALCONS zone. 1:00 of 2nd period - Off-side. 1:01 of 2nd period - Bo Horvat wins face-off versus Simon Ryfors in neutral zone. 1:06 of 2nd period - Shot by Zach Hyman. 1:06 of 2nd period - Shot Misses the Net. 1:07 of 2nd period - Minor Penalty to Zach Hyman for Goalie Interference. 1:08 of 2nd period - Sebastian Aho wins face-off versus Simon Ryfors in SAN FRANCISCO SPIDERS zone. 1:08 of 2nd period - Sebastian Aho is hit by Cole Smith. 1:28 of 2nd period - Shot by Ivan Provorov. 1:28 of 2nd period - Shot Blocked by Sean Durzi. 1:33 of 2nd period - Shot by Erik Gustafsson. 1:33 of 2nd period - Shot Misses the Net. 1:35 of 2nd period - Shot by Ivan Provorov. 1:35 of 2nd period - Shot Misses the Net. 1:37 of 2nd period - Shot by Erik Gustafsson. 1:37 of 2nd period - Deflect By Eric Robinson. 1:37 of 2nd period - Stopped by Kevin Lankinen with a rebound. 1:47 of 2nd period - Shot by Erik Gustafsson. 1:47 of 2nd period - Stopped by Kevin Lankinen without a rebound. 1:48 of 2nd period - Sebastian Aho wins face-off versus Rickard Rakell in SAN FRANCISCO SPIDERS zone. 3:14 of 2nd period - Shot by Max Jones. 3:14 of 2nd period - Stopped by Kevin Lankinen without a rebound. 3:15 of 2nd period - Greg Meireles wins face-off versus Kirby Dach in SAN FRANCISCO SPIDERS zone. 3:24 of 2nd period - Brenden Dillon is hit by Max Jones and loses puck. 3:30 of 2nd period - Trevor Moore is hit by Alexander Edler. 3:31 of 2nd period - Trevor Moore from SAN FRANCISCO SPIDERS is injured at 3:31 of 2nd period (Left Hand). 3:32 of 2nd period - Sammy Walker wins face-off versus Dakota Joshua in REGINA FALCONS zone. 3:32 of 2nd period - Sammy Walker is hit by Dakota Joshua. 3:49 of 2nd period - Shot by Eeli Tolvanen. 3:49 of 2nd period - Shot Misses the Net. 3:51 of 2nd period - Shot by Eeli Tolvanen. 3:51 of 2nd period - Shot Misses the Net. 3:55 of 2nd period - Shot by Eeli Tolvanen. 3:55 of 2nd period - Shot Misses the Net. 3:57 of 2nd period - Shot by Trent Frederic. 3:57 of 2nd period - Deflect By Eeli Tolvanen. 3:57 of 2nd period - Shot Blocked by Erik Gustafsson. 4:07 of 2nd period - Shot by Eeli Tolvanen. 4:07 of 2nd period - Shot Blocked by Erik Gustafsson. 4:09 of 2nd period - Shot by Darnell Nurse. 4:09 of 2nd period - Shot Blocked by Ivan Provorov. 4:47 of 2nd period - Shot by Andrei Kuzmenko. 4:47 of 2nd period - Stopped by Kevin Lankinen without a rebound. 4:48 of 2nd period - Simon Ryfors wins face-off versus Sebastian Aho in SAN FRANCISCO SPIDERS zone. 4:57 of 2nd period - Shot by Eric Robinson. 4:57 of 2nd period - Shot Misses the Net. 4:59 of 2nd period - Shot by Eric Robinson. 4:59 of 2nd period - Stopped by Kevin Lankinen without a rebound. 5:00 of 2nd period - Sebastian Aho wins face-off versus Rickard Rakell in SAN FRANCISCO SPIDERS zone. 5:00 of 2nd period - Sebastian Aho is hit by Andrei Kuzmenko. 5:19 of 2nd period - Icing by John Klingberg. 5:20 of 2nd period - Bo Horvat wins face-off versus Rickard Rakell in REGINA FALCONS zone. 5:39 of 2nd period - David Pastrnak is hit by Bo Horvat and loses puck. 5:55 of 2nd period - Aaron Ekblad is hit by Michael Anderson and loses puck. 6:49 of 2nd period - Shot by Sebastian Aho. 6:49 of 2nd period - Shot Misses the Net. 8:00 of 2nd period - Shot by Kyle Palmieri. 8:00 of 2nd period - Shot Misses the Net. 8:02